 Dungeon Crawl Stone Soup version 0.22-a0-406-g9ff8d77 (webtiles) character file.

193 inmateoo the Covered (level 6, -2/42 HPs)
             Began as a Halfling Fighter on May 9, 2018.
             Slain by an ogre
             ... wielding a +0 giant club
              (22 damage)
             ... on level 4 of the Dungeon.
             The game lasted 00:02:56 (2813 turns).

inmateoo the Covered (Halfling Fighter)             Turns: 2813, Time: 00:02:57

Health: -2/42      AC:  9    Str: 19    XL:     6   Next: 3%
Magic:  6/6        EV: 10    Int:  6    God:
Gold:   174        SH: 10    Dex: 14    Spells: 5/5 levels left

rFire    . . .     SeeInvis .   t - +2 short sword (venom)
rCold    . . .     Gourm    .   c - +0 shield
rNeg     . . .     Faith    .   b - +0 scale mail
rPois    .         Spirit   .   l - +0 helmet
rElec    .         Reflect  .   (no cloak)
rCorr    .         Harm     .   j - +0 pair of gloves
MR       .....                  (no boots)
Stlth    ..........             (no amulet)
HPRegen  0.14/turn              (no ring)
MPRegen  0.10/turn              (no ring)

@: no status effects
A: small, mutation resistance 1
a: no special abilities


You were on level 4 of the Dungeon.
You were hungry.

You visited 1 branch of the dungeon, and saw 4 of its levels.

You collected 174 gold pieces.

Inventory:

Hand Weapons
 a - a +0 long sword
 k - a +0 falchion
 r - a +1 dagger of venom
 t - a +2 short sword of venom (weapon)
Armour
 b - a +0 scale mail (worn)
 c - a +0 shield (worn)
 j - a +0 pair of gloves (worn)
 l - a +0 helmet (worn)
Jewellery
 o - an uncursed ring of see invisible {unknown}
Scrolls
 e - 2 scrolls of remove curse {unknown}
 g - a scroll of identify {unknown}
 h - 3 scrolls of teleportation {unknown}
 i - a scroll of enchant weapon {unknown}
 s - a scroll of enchant armour {unknown}
Potions
 d - 3 potions of might
 m - a potion of invisibility {unknown}
 n - 2 potions of berserk rage {unknown}
 p - a potion of agility {unknown}
 q - a potion of cancellation {unknown}
 v - a potion of flight {unknown}
 w - a potion of curing {unknown}
Comestibles
 f - 2 rations


   Skills:
 + Level 3.3 Fighting
 * Level 3.7 Long Blades
 + Level 4.1 Armour
 + Level 1.9 Dodging
 + Level 4.0 Shields


You had 5 spell levels left.
You didn't know any spells.

Dungeon Overview and Level Annotations

Branches:
Dungeon (4/15)
 Temple: D:4-7

Altars:
Dithmenos


Innate Abilities, Weirdness & Mutations

You are small and have problems with some larger weapons.
You are somewhat resistant to further mutation.


Message History

You barely miss the ogre.
The ogre is moderately wounded.
The ogre barely misses you.
You hit the ogre but do no damage.
The ogre looks as sick as possible!
The ogre is moderately wounded.
You hit the ogre.
The ogre looks as sick as possible!
The ogre is heavily wounded.
You block the ogre's attack.
You completely miss the ogre.
The ogre is heavily wounded.
The ogre hits you with a giant club!
You are too injured to fight recklessly!
You are too injured to fight recklessly!
You are too injured to fight recklessly!
You are too injured to fight recklessly!
You hit the ogre.
The ogre looks as sick as possible!
The ogre is severely wounded.
The ogre hits you with a giant club!!
Ouch! That really hurt!
You die...

.# .# .# ..
.### ...
#######.###..#
#@O...........
#######.####O.
... ####


You could see an ogre.

Vanquished Creatures
  A worker ant (D:3)
  Robin (D:2)
  7 adders
  3 worms
  2 dart slugs
  3 leopard geckos
  An orc (D:3)
  A giant cockroach (D:2)
  21 goblins
  15 hobgoblins
  2 jackals (D:1)
  6 kobolds
  2 quokkas
  A ball python (D:1)
  5 bats
  A frilled lizard (D:1)
  3 rats
75 creatures vanquished.

Notes
Turn   | Place    | Note
-------+----------+-------------------------------------------
     0 | D:1      | inmateoo the Halfling Fighter began the quest for the Orb.
     0 | D:1      | Reached XP level 1. HP: 15/15 MP: 1/1
   213 | D:1      | Reached XP level 2. HP: 10/20 MP: 2/2
   610 | D:1      | Reached XP level 3. HP: 23/25 MP: 3/3
  1129 | D:2      | Noticed Robin
  1143 | D:2      | Killed Robin
  1143 | D:2      | Reached XP level 4. HP: 21/31 MP: 4/4
  1236 | D:2      | Reached skill level 1 in Dodging
  1395 | D:2      | Reached XP level 5. HP: 34/36 MP: 5/5
  1486 | D:2      | Found a shadowy altar of Dithmenos.
  2225 | D:3      | You fall through a shaft!
  2225 | D:4      | Noticed an ogre
  2255 | D:3      | Reached XP level 6. HP: 23/42 MP: 6/6
  2813 | D:4      | Slain by an ogre

Vault maps used:
D:1:      giann_wishing_wells
D:2:      cheibrodos_greedy_goblins, nicolae_dithmenos_through_a_glass_darkly,
          uniq_robin
D:3:      skrybe_limestone_x, kennysheep_generic_room_13
D:4:      old_standard_altar, first_ration

Skill      XL: |  1  2  3  4  5 |
---------------+----------------+-----
Fighting       | 3 |  3.3
Long Blades    | 3 |  3.7
Dodging        | 1 |  1.9
Armour         | 4 |  4.1
Shields        | 4 |  4.0

Action                   |  1- 3 |  4- 6 || total
-------------------------+-------+-------++-------
Melee: Long sword        |   105 |   124 ||   229
       Dagger            |       |    22 ||    22
       Short sword       |       |    14 ||    14
  Eat: Chunk             |       |     6 ||     6
Armor: Scale mail        |    69 |    59 ||   128
Dodge: Dodged            |    51 |    53 ||   104
Block: Shield            |    63 |    60 ||   123
       Rpst.: Long sword |    23 |    19 ||    42

Table legend:
 A = Spawn XP
 B = Non-spawn XP
 C = Spawn XP percentage of total XP
 D = Spawn monster count
 E = Non-spawn monster count
 F = Spawn count percentage of total count
 G = Total turns spent on level
                    A         B        C        D         E        F      G
               +---------+---------+-------+---------+---------+-------+---------
         Total |       0 |     277 |   0.0 |       0 |      75 |   0.0 |  2813
               +---------+---------+-------+---------+---------+-------+---------
           D:1 |       0 |      57 |   0.0 |       0 |      25 |   0.0 |  1111
           D:2 |       0 |     138 |   0.0 |       0 |      39 |   0.0 |   852
           D:3 |       0 |      82 |   0.0 |       0 |      11 |   0.0 |   830
               +---------+---------+-------+---------+---------+-------+---------
